 Dungeon Crawl Stone Soup version 0.32-a0-42-ga30500b4d3 (webtiles) character file.

Game seed: 16855584308853583283

121 cforsyth the Magician (level 5, 0/61 HPs)
             Began as a Djinni Reaver on Jan 28, 2024.
             Killed by divine providence
             ... invoked by an orc priest
              (10 damage)
             ... on level 3 of the Dungeon.
             The game lasted 00:03:13 (1918 turns).

cforsyth the Magician (Djinni Reaver)               Turns: 1918, Time: 00:03:14

Health: 0/61       AC: 22    Str: 11    XL:     5   Next: 26%
Gold:   205        EV:  2    Int: 16    God:
                   SH:  0    Dex: 12

rFire   . . .        a - +0 short sword
rCold   . . .        (no shield)
rNeg    . . .        b - melded +0 leather armour
rPois   ∞            i - melded +0 helmet
rElec   .            (cloak currently unavailable)
rCorr   .            (gloves currently unavailable)
SInv    .            (boots unavailable)
Will    .....        (no amulet)
Stlth   +            (no ring)
HPRegen 0.30/turn    (no ring)
MPRegen 0.00/turn

%: infuse magic (-1 HP)
@: tree-form, very slightly contaminated
A: stationary, stasis, torment immunity, boosted hp, sickness immunity, (fire
resistance 2), (cold vulnerability 1), float, innate caster, HP casting, extra
vitality 1
a: no special abilities


You were on level 3 of the Dungeon.
You were a tree.
You visited 1 branch of the dungeon, and saw 3 of its levels.

You collected 205 gold pieces.

Inventory:

Hand Weapons
 a - a +0 short sword (weapon)
Armour
 b - a +0 leather armour (melded)
 i - a +0 helmet (melded)
Jewellery
 l - a ring of fire
 r - an amulet of faith
Scrolls
 e - a scroll of torment {unknown}
 f - a scroll of enchant weapon {unknown}
 g - a scroll of fear {unknown}
 h - a scroll of amnesia {unknown}
 j - a scroll of identify {unknown}
 k - 2 scrolls of teleportation {unknown}
 m - a scroll of brand weapon {unknown}
 o - 2 scrolls of poison {unknown}
 s - a scroll of blinking {unknown}
 u - a scroll of revelation {unknown}
Potions
 c - a potion of lignification
 d - 2 potions of attraction {unknown}
 n - a potion of berserk rage {unknown}
 p - a potion of degeneration {unknown}
 q - 2 potions of brilliance {unknown}
 t - a potion of mutation {unknown}


   Skills:
 + Level 3.8 Fighting
 - Level 2.6 Short Blades
 - Level 2.1 Dodging
 + Level 3.8 Spellcasting
 + Level 3.8 Conjurations
 + Level 3.8 Hexes
 + Level 3.8 Summonings
 + Level 3.8 Necromancy
 + Level 3.8 Translocations
 + Level 3.8 Fire Magic
 + Level 3.8 Ice Magic
 + Level 3.8 Air Magic
 + Level 3.8 Earth Magic
 + Level 3.8 Alchemy


You knew the following spells:

 Your Spells              Type           Power      Damage    Failure   Level
a - Kiss of Death         Conj/Necr      60%        2d10      3%          1
b - Momentum Strike       Conj/Tloc      30%        3d8       5%          2
c - Hailstorm             Conj/Ice       15%        3d6       11%         3
d - Necrotise             Necr           60%        1d7       3%          1
e - Searing Ray           Conj           30%        2d5       5%          2
Your spell library was empty.

Dungeon Overview and Level Annotations

Branches:
Dungeon (3/15)

Altars:
Cheibriados

Shops:
D:1 =

Annotations:
D:3 Natasha


Innate Abilities, Weirdness & Mutations

You are a tree.
Your roots penetrate the ground, keeping you stationary.
You cannot be teleported.
You are immune to unholy pain and torment.
Your maximum health is greatly increased.
Your equipment is partially melded.
You are immune to sickness and miasma.
You are immune to poison.
((Your flesh is very heat resistant. (rF++)))
((You are vulnerable to cold. (rC-)))
You float through the air rather than walking.
You learn spells naturally, not from books.
Your magical power is your life essence.
You have superior vitality. (+4 MHP)


Message History

Confirm with . or Enter, or press ? or * to list all spells.
Restarting spell: Searing Ray (safe; 5% risk of failure)
Press: ? - help, Shift-Dir - straight line, f - orc priest
Aim: an orc priest, wielding a +1 whip of electrocution (76% to hit)
You miscast Searing Ray.
You are very lightly contaminated with residual magic.
Nothing appears to happen.
* * * LOW HITPOINT WARNING * * *
The cerulean imp hits you but does no damage.
Casting: Searing Ray (safe; 5% risk of failure)
Confirm with . or Enter, or press ? or * to list all spells.
Aiming: Searing Ray (safe; 5% risk of failure)
Press: ? - help, Shift-Dir - straight line, f/p - orc priest
Aim: an orc priest, wielding a +1 whip of electrocution (76% to hit)
The searing ray hits the cerulean imp.
The cerulean imp is moderately wounded.
The searing ray hits Natasha.
Natasha is heavily wounded.
The searing ray hits the orc priest.
The orc priest is lightly wounded. (Press . to maintain the ray.)
* * * LOW HITPOINT WARNING * * *
The cerulean imp barely misses you.
Casting: Searing Ray (safe; 5% risk of failure)
Confirm with . or Enter, or press ? or * to list all spells.
Restarting spell: Searing Ray (safe; 5% risk of failure)
Press: ? - help, Shift-Dir - straight line, f/p - orc priest
Aim: an orc priest, wielding a +1 whip of electrocution (lightly wounded, 76% to hit)
The searing ray hits the cerulean imp.
The cerulean imp is heavily wounded.
The searing ray hits Natasha.
Natasha is severely wounded.
The searing ray hits the orc priest.
The orc priest is moderately wounded. (Press . to maintain the ray.)
* * * LOW HITPOINT WARNING * * *
The cerulean imp barely misses you.
The orc priest mumbles some strange prayers to Beogh against you.
Beogh smites you!
You die...

. .. #.# ##....##.)....... ..
#.######..#####......... ♣o
#.#......## #.....)... .o
#...###### #......... . #####
#......).. ##........ ##<....##
###########################
#######o.o.ooh5.♣................
.h......#########################
#########


You could see 2 orc priests, Natasha, a cerulean imp (summoned) and an orc.

Vanquished Creatures
  Jessica (D:3)
  Natasha (D:3)
  Robin (D:3)
  An adder (D:3)
  A dart slug (D:2)
  An orc (D:3)
  2 bats
  2 endoplasms (D:2)
  A giant cockroach (D:2)
  11 goblins
  8 hobgoblins
  A quokka (D:2)
  5 ball pythons
  4 frilled lizards
  3 kobolds
  A rat (D:2)
44 creatures vanquished.

Vanquished Creatures (collateral kills)
  2 goblins (D:3)
2 creatures vanquished.

Grand Total: 46 creatures vanquished

Notes
Turn   | Place    | Note
-------+----------+-------------------------------------------
     0 | D:1      | cforsyth the Djinni Reaver began the quest for the Orb.
     0 | D:1      | cforsyth set off with the following spells memorised: Kiss
                  | of Death, Momentum Strike, Hailstorm.
     0 | D:1      | Reached XP level 1. HP: 18/18 MP: 0/0
   372 | D:1      | Found Maecam's One-of-a-Kind Rings.
   688 | D:1      | Reached XP level 2. HP: 22/23 MP: 0/0
  1031 | D:2      | Reached XP level 3. HP: 29/29 MP: 0/0
  1031 | D:2      | Learned a level 1 spell: Necrotise
  1240 | D:2      | Found a snail-covered altar of Cheibriados.
  1287 | D:3      | Noticed Jessica
  1292 | D:3      | Killed Jessica
  1293 | D:3      | Reached XP level 4. HP: 22/35 MP: 0/0
  1444 | D:3      | Noticed Robin
  1605 | D:3      | Noticed Natasha
  1612 | D:3      | Killed Natasha
  1613 | D:3      | Reached XP level 5. HP: 32/41 MP: 0/0
  1613 | D:3      | Learned a level 2 spell: Searing Ray
  1735 | D:3      | Killed Robin
  1884 | D:3      | Noticed Natasha
  1918 | D:3      | Killed from afar by an orc priest

Illustrated notes

Levels and vault maps discovered:
D:1:      lightli_arrival_maybe_door_vault, layout_loops_ring,
          kennysheep_flooded_box, minmay_misc_feat_hallway,
          nicolae_shop_unique_rings
D:2:      layout_rooms, basic_altar
D:3:      layout_rooms, grunt_ministairs_9, uniq_jessica, uniq_natasha,
          uniq_robin

Skill      XL: |  1  2  3 |
---------------+----------+-----
Spellcasting   | 3 |  3.8
Conjurations   | 3 |  3.8
Hexes          | 3 |  3.8
Summonings     | 3 |  3.8
Necromancy     | 3 |  3.8
Translocations | 3 |  3.8
Fire Magic     | 3 |  3.8
Ice Magic      | 3 |  3.8
Air Magic      | 3 |  3.8
Earth Magic    | 3 |  3.8
Alchemy        | 3 |  3.8
Fighting       | 3 |  3.8
Short Blades   | |  2.6
Dodging        | |  2.1

Action                     |  1- 3 |  4- 6 || total
---------------------------+-------+-------++-------
  Melee: Short sword       |    87 |       ||    87
         Punch             |     1 |       ||     1
   Cast: Necrotise         |    11 |    30 ||    41
         Momentum Strike   |       |     1 ||     1
         Searing Ray       |       |     8 ||     8
         Hailstorm         |       |     1 ||     1
    Use: Potion            |       |     1 ||     1
   Stab: Sleeping          |     1 |       ||     1
 Armour: Leather armour    |    44 |    22 ||    66
         Skin              |       |     5 ||     5
  Dodge: Dodged            |    42 |    21 ||    63

Table legend: (Time is in decaauts)
 A = Elapsed time spent in this place.
 B = Non-inter-level travel time spent in this place.
 C = Inter-level travel time spent in this place.
 D = Time resting spent in this place.
 E = Time spent auto-exploring this place.
 F = Levels seen in this place.
 G = Mean time per level.
                   A        B        C        D        E       F      G
               +--------+--------+--------+--------+--------+-----+--------+
         Total |   1905 |   1859 |     46 |     55 |   1425 |   3 |  635.0 |
       Dungeon |   1905 |   1859 |     46 |     55 |   1425 |   3 |  635.0 |
               +--------+--------+--------+--------+--------+-----+--------+

Top non-repeatable levels by time:
     D:1: 702 daAuts
     D:2: 632 daAuts
     D:3: 570 daAuts
